 Dungeon Crawl Stone Soup version 0.31-a0-232-gb1c03b2570 (webtiles) character file.

Game seed: 9391375077070544899

555 Adrian566 the Chopper (level 7, 0/60 HPs)
             Began as a Hill Orc Fighter on July 7, 2023.
             Was an Initiate of Beogh.
             Slain by an iguana (9 damage)
             ... on level 4 of the Dungeon.
             The game lasted 00:07:59 (3498 turns).

Adrian566 the Chopper (Hill Orc Fighter)            Turns: 3498, Time: 00:07:59

Health: 0/60       AC:  7    Str: 20 (21) XL:     7   Next: 30%
Magic:  7/7        EV: 10    Int:  5 (8)  God:    Beogh [......]
Gold:   276        SH:  4    Dex:  8 (10) Spells: 6/6 levels left

rFire   + . .        a - +0 war axe
rCold   . . .        c - +0 buckler
rNeg    . . .        p - +0 ring mail {rF+}
rPois   .            (no helmet)
rElec   .            n - +0 cloak
rCorr   .            (no gloves)
SInv    .            (no boots)
Will    .....        (no amulet)
Stlth   +            (no ring)
HPRegen 0.30/turn    (no ring)
MPRegen 0.10/turn

%: no passive effects
@: no status effects
A: no striking features
a: Renounce Religion


You were on level 4 of the Dungeon.
You worshipped Beogh.
Beogh was noncommittal.
You visited 1 branch of the dungeon, and saw 5 of its levels.

You collected 276 gold pieces.

Inventory:

Hand Weapons
 a - a +0 war axe (weapon)
Armour
 c - a +0 buckler (worn)
 n - a +0 cloak (worn)
 p - a +0 ring mail of fire resistance (worn)
Jewellery
 b - a ring of fire
 t - a +6 ring of intelligence
Wands
 d - a wand of paralysis (8)
Scrolls
 f - a scroll of noise {unknown}
 h - 2 scrolls of fog {unknown}
 i - 3 scrolls of teleportation {unknown}
 j - 3 scrolls of identify {unknown}
 l - a scroll of immolation {unknown}
 m - 2 scrolls of blinking {unknown}
 r - a scroll of amnesia {unknown}
 s - a scroll of vulnerability {unknown}
Potions
 k - 2 potions of brilliance {unknown}
 o - 2 potions of haste {unknown}
 q - a potion of curing {unknown}


   Skills:
 + Level 4.7 Fighting
 + Level 7.1 Axes
 + Level 4.7 Armour
 + Level 1.5 Dodging
 + Level 0.7 Stealth
 + Level 4.4 Shields


You had 6 spell levels left.
You didn't know any spells.
Your spell library was empty.

Dungeon Overview and Level Annotations

Branches:
Dungeon (5/15)
 Temple: D:4-7

Altars:
Elyvilon
Zin
The Shining One


Message History

The iguana barely misses you. You block the quokka's attack.
The iguana closely misses you.
There is a stone staircase leading up here.
You completely miss the iguana. You hit the quokka. The quokka bites you.
The orc priest invokes the aid of Beogh against you.
Beogh smites you!
The iguana bites you but does no damage.
The quokka closely misses you.
You closely miss the quokka.
The quokka is moderately wounded.
You hit the iguana but do no damage.
The orc priest hits you from afar with a +0 trident.
The iguana bites you! The quokka closely misses you.
You are too injured to fight recklessly!
You are too injured to fight recklessly!
You are too injured to fight recklessly!
You are too injured to fight recklessly!
You are too injured to fight recklessly!
You are too injured to fight recklessly!
You are too injured to fight recklessly!
You are too injured to fight recklessly!
You are too injured to fight recklessly!
You are too injured to fight recklessly!
Unknown command.
The quokka bites you but does no damage.
The orc priest calls down the wrath of Beogh upon you.
Beogh smites you!
* * * LOW HITPOINT WARNING * * *
The iguana bites you!
* * * LOW HITPOINT WARNING * * *
You climb upwards.
There is a stone staircase leading down here.
It was a potion of cancellation.
You feel magically purged. The quokka completely misses you.
The iguana barely misses you. You block the quokka's attack.
It was a potion of degeneration.
There was something very wrong with that liquid.
You feel weakened.
You feel dopey.
You feel clumsy. The iguana bites you!
You die...

#......#..#..##..###..
#............###.#.)..
#..).....#.........)..
#.......#######...#...
#......## #.....##
#......########......#
#......#..............
####..lr..............#
#.....@)..#######.#.#..
#########.#######.#.#.#
######..............
#...#######.....#.#.
#...# #...##..#>..
#...# #.####...#..
#...## #.# #......
#....## #.#####..#.#
#.....###≈≈≈####.###


You could see an iguana and a quokka.

Vanquished Creatures
  2 ogres (D:4)
  2 scorpions
  A jelly (D:4)
  An orc priest (D:4)
  A sleepcap (D:4)
  4 gnolls
  6 adders
  A worm (D:3)
  3 dart slugs
  6 orcs
  9 ball pythons
  9 endoplasms
  2 giant cockroaches
  6 goblins
  7 hobgoblins
  2 jackals (D:4)
  7 kobolds
  2 quokkas
  10 bats
  2 frilled lizards (D:2)
  4 rats
87 creatures vanquished.

Notes
Turn   | Place    | Note
-------+----------+-------------------------------------------
     0 | D:1      | Adrian566 the Hill Orc Fighter began the quest for the Orb.
     0 | D:1      | Reached XP level 1. HP: 19/19 MP: 1/1
   161 | D:1      | Reached XP level 2. HP: 27/27 MP: 2/2
   294 | D:1      | Reached skill level 3 in Axes
   404 | D:1      | Reached XP level 3. HP: 27/33 MP: 3/3
   895 | D:2      | Reached XP level 4. HP: 40/40 MP: 4/4
   896 | D:2      | Identified the +2 dagger of Dust {speed, rCorr Stlth+}
   940 | D:2      | Reached skill level 4 in Axes
  1776 | D:3      | Reached XP level 5. HP: 45/46 MP: 5/5
  1799 | D:3      | Reached skill level 5 in Axes
  2434 | D:4      | Noticed an ogre
  2438 | D:4      | Reached XP level 6. HP: 45/53 MP: 6/6
  2443 | D:4      | Reached skill level 6 in Axes
  2866 | D:4      | Reached skill level 7 in Axes
  2866 | D:4      | Reached skill level 1 in Dodging
  2866 | D:4      | Reached XP level 7. HP: 32/60 MP: 7/7
  2991 | D:4      | Found a glowing golden altar of the Shining One.
  2992 | D:4      | Found a glowing silver altar of Zin.
  2992 | D:4      | Found a white marble altar of Elyvilon.
  3073 | D:4      | Became a worshipper of Beogh the Brigand
  3441 | D:5      | Entered Level 5 of the Dungeon
  3498 | D:4      | Slain by an iguana

Illustrated notes

Levels and vault maps discovered:
D:1:      ncdulo_halloftheorcs, layout_loops_ring
D:2:      layout_loops_ring, nicolae_the_louvre
D:3:      layout_loops_ring, minmay_increasing_density
D:4:      minmay_evil_eye, layout_rooms, good_gods_mini_temple
D:5:      layout_loops_ring, portal_sewer_entry_e, dreamdust_gnoll_farm

Skill      XL: |  1  2  3  4  5  6 |
---------------+-------------------+-----
Axes           | 3 4 5 7 |  7.1
Fighting       | 4 |  4.7
Armour         | 4 |  4.7
Shields        | 4 |  4.4
Dodging        | 1 |  1.5
Stealth        | |  0.7

Action                     |  1- 3 |  4- 6 |  7- 9 || total
---------------------------+-------+-------+-------++-------
  Melee: War axe           |    62 |   162 |    31 ||   255
 Invoke: Convert to Beogh  |       |       |     1 ||     1
    Use: Potion            |       |     1 |     2 ||     3
 Armour: Scale mail        |    38 |    67 |       ||   105
         Ring mail         |       |    30 |    10 ||    40
  Dodge: Dodged            |    30 |    79 |    16 ||   125
  Block: Buckler           |    12 |    35 |    11 ||    58

Table legend: (Time is in decaauts)
 A = Elapsed time spent in this place.
 B = Non-inter-level travel time spent in this place.
 C = Inter-level travel time spent in this place.
 D = Time resting spent in this place.
 E = Time spent auto-exploring this place.
 F = Levels seen in this place.
 G = Mean time per level.
                   A        B        C        D        E       F      G
               +--------+--------+--------+--------+--------+-----+--------+
         Total |   3572 |   3438 |    134 |    162 |   2670 |   5 |  714.4 |
       Dungeon |   3572 |   3438 |    134 |    162 |   2670 |   5 |  714.4 |
               +--------+--------+--------+--------+--------+-----+--------+

Top non-repeatable levels by time:
     D:4: 1068 daAuts
     D:1: 909 daAuts
     D:3: 849 daAuts
     D:2: 733 daAuts
     D:5: 12 daAuts
